 Dungeon Crawl Stone Soup version 0.13.0-59-g13bd910 (webtiles) character file.

530 M4edhros the Ducker (level 6, -4/39 HPs)
             Began as an Octopode Artificer on Nov 18, 2013.
             Was an Initiate of Fedhas.
             Slain by an iguana (13 damage)
             ... on Level 4 of the Dungeon.
             The game lasted 00:05:15 (3036 turns).

M4edhros the Ducker (Octopode Artificer)            Turns: 3036, Time: 00:05:15

HP  -4/39        AC  1     Str 14      XL: 6   Next: 77%
MP   9/9         EV 15     Int 16      God: Fedhas [......]
Gold 145         SH  0     Dex 13      Spells:  0 memorised,  5 levels left

Res.Fire  : . . .   See Invis. : .   q - +4,+2 elf dagger
Res.Cold  : . . .   Warding    : .   (no shield)
Life Prot.: . . .   Conserve   : .   (helmet restricted)
Res.Poison: .       Res.Corr.  : .   (no amulet)
Res.Elec. : .       Clarity    : .   m - +4 ring of strength
Sust.Abil.: . .     Spirit.Shd : .   (no ring)
Res.Mut.  : .       Stasis     : .   (no ring)
Res.Rott. : .       Flight     : .   (no ring)
Saprovore : . . .                    (no ring)
                                     (no ring)
                                     (no ring)
                                     (no ring)

@: slightly resistant to hostile enchantments, stealthy
A: almost no armour, amphibious, 8 rings, constrict 8, camouflage 1, AC +1
a: Renounce Religion


You were on level 4 of the Dungeon.
You worshipped Fedhas.
Fedhas was noncommittal.
You were near starving.

You visited 2 branches of the dungeon, and saw 5 of its levels.

You collected 125 gold pieces.

Inventory:

Hand weapons
 a - a +0,+0 short sword
 e - a +2,+0 sling
 h - a +0 blowgun
 q - a +4,+2 elven dagger (weapon)
 r - a +1,+2 scythe of slicing
 s - a +0,+0 sling of evasion
 t - a +0,+0 sling
 w - a +2,+0 whip of venom
 z - a +2,+0 falchion of holy wrath
 B - a +2 elven blowgun
Missiles
 n - 29 poisoned needles
 p - 29 stones (quivered)
Magical devices
 b - a wand of flame (4)
 c - a wand of enslavement (13)
 d - a wand of random effects (11)
 y - a wand of digging (7) {unknown}
 D - a wand of digging (19) {unknown}
Comestibles
 f - 2 bread rations
 g - an apple
 o - 5 meat rations
Scrolls
 i - 3 scrolls of remove curse
 j - a scroll of identify
 k - a scroll of enchant weapon I
 l - a scroll of recharging
 u - a scroll of amnesia
 A - a scroll of fog
 C - a scroll of enchant weapon II {unknown}
Jewellery
 m - a +4 ring of strength (left tentacle)
Potions
 v - a potion of might {unknown}
 x - 2 potions of curing
 E - a potion of poison {unknown}
 F - a potion of beneficial mutation {unknown}


   Skills:
 - Level 1.0 Fighting
 - Level 1.0 Short Blades
 + Level 7.0 Dodging
 - Level 1.3 Stealth
 - Level 3.2 Evocations


You had 5 spell levels left.
You didn't know any spells.

Dungeon Overview and Level Annotations

Branches:
Dungeon (4/27)             Temple (1/1) D:4

Altars:
Ashenzari
Cheibriados
Elyvilon
Fedhas
Kikubaaqudgha
Makhleb
Nemelex Xobeh
Okawaru
Sif Muna
Trog
Vehumet
Xom
Yredelemnul
Zin
the Shining One


Innate Abilities, Weirdness & Mutations

You cannot wear most types of armour.
You are amphibious.
You can wear up to eight rings at the same time.
You can use your tentacles to constrict many enemies at once.
Your skin changes colour to match your surroundings (Stlth).
Your rubbery body absorbs attacks (AC +1).


Message History

The iguana bites you!
Found a scroll of recharging.
You hit the iguana but do no damage. You grab the iguana.
You constrict the iguana. The iguana bites you!
You hit the iguana but do no damage. You squeeze the iguana.
The iguana is lightly wounded.
You constrict the iguana. The iguana bites you!
* * * LOW HITPOINT WARNING * * *
You are too injured to fight recklessly!
You are too injured to fight recklessly!
You are too injured to fight recklessly!
Evoke which item? (* to show all) (? for menu, Esc to quit)
Zapping:
b - a wand of flame (5)
Press: ? - help, Shift-Dir - straight line, f - iguana
Aim: an iguana (moderately wounded, constricted by you)
The puff of flame hits the iguana.
The iguana is moderately wounded.
This wand has 4 charges left.
You constrict the iguana. The iguana bites you!
You die...
Fedhas appreciates your contribution to the ecosystem.

##....+.#.#.#.'.......
#....#..#.#(.#.......
##....##.....##.......
..#......###+###..%.....
........#................
#(#.##..............
##....##.............
#.....###............
##..@.##.............
##.l####............ ##..
##.....>##... ....
##.....####. #...?
##.....# ## ###.##
##.#.## ## #####


You could see an iguana.

Vanquished Creatures
  An ogre (D:4)
  Sigmund (D:3)
  2 orc priests (D:4)
  A hound (D:4)
  2 iguanas (D:4)
  5 adders
  A worm (D:4)
  An adder skeleton (D:4)
  A giant eyeball (D:4)
  2 giant geckos
  An ooze (D:1)
  An orc (D:4)
  3 bats (D:1)
  A giant cockroach (D:4)
  7 hobgoblins
  2 jackals (D:3)
  5 kobolds
  2 giant newts (D:4)
  A gnoll skeleton (D:4)
  4 goblins
  A kobold skeleton (D:4)
  4 rats
49 creatures vanquished.

Notes
Turn   | Place    | Note
--------------------------------------------------------------
     0 | D:1      | M4edhros, the Octopode Artificer, began the quest for the Orb.
     0 | D:1      | Reached XP level 1. HP: 14/14 MP: 1/1
   137 | D:1      | Reached XP level 2. HP: 10/19 MP: 3/3
   761 | D:3      | Noticed Sigmund
   765 | D:3      | Killed Sigmund
   765 | D:3      | Reached skill level 4 in Dodging
   765 | D:3      | Reached XP level 3. HP: 24/24 MP: 4/4
   765 | D:3      | Reached XP level 4. HP: 29/29 MP: 6/6
  1103 | D:3      | HP: 1/29 [poisoned by a kobold]
  1351 | D:3      | Reached skill level 5 in Dodging
  1351 | D:3      | Reached XP level 5. HP: 21/34 MP: 7/7
  2252 | D:4      | Noticed an ogre
  2394 | D:4      | Killed an ogre
  2394 | D:4      | Reached skill level 6 in Dodging
  2394 | D:4      | Reached XP level 6. HP: 26/39 MP: 9/9
  2695 | D:4      | Found a staircase to the Ecumenical Temple.
  2709 | Temple   | Entered the Ecumenical Temple
  2871 | Temple   | Became a worshipper of Fedhas Madash
  2963 | D:4      | Reached skill level 7 in Dodging
  3036 | D:4      | Slain by an iguana

Action                   |  1- 3 |  4- 6 || total
-------------------------+-------+-------++-------
Melee: Short sword       |    35 |    11 ||    46
       Dagger            |       |    82 ||    82
       Falchion          |       |     1 ||     1
 Fire: Sling             |       |     6 ||     6
       Blowgun           |       |     4 ||     4
Evoke: Wand              |     3 |    14 ||    17
  Use: Potion            |       |     3 ||     3
       Scroll            |       |     2 ||     2
 Stab: Sleeping          |       |     6 ||     6
       Distracted        |       |     1 ||     1
